 Dungeon Crawl Stone Soup version 0.22.1-2-g9c5b331383 (webtiles) character file.

398065 Peloso the Hoplite (level 22, -5/205 HPs)
             Began as a Minotaur Fighter on Dec 2, 2018.
             Was the Champion of Okawaru.
             Slain by a tengu reaver
             ... wielding a +1 long sword
              (12 damage)
             ... while paralysed by a sphinx
             ... on level 4 of the Vaults.
             The game lasted 02:09:56 (49806 turns).

Peloso the Hoplite (Minotaur Fighter)              Turns: 49806, Time: 02:09:58

Health: -5/205     AC: 26    Str: 32    XL:     22   Next: 22%
Magic:  24/24      EV:  2    Int:  3    God:    Okawaru [******]
Gold:   2256       SH:  0    Dex: 22    Spells: 23/23 levels left

rFire    . . .     SeeInvis .   j - +6 scimitar of Yeast {slice, +Inv}
rCold    + . .     Gourm    .   c - +1 large shield "Wolytil" {rElec rC+ Dex+2}
rNeg     . . .     Faith    .   h - +1 plate armour of Listlessness {rPois Str+3 Dex+2}
rPois    +         Spirit   .   Y - +2 hat
rElec    +         Reflect  +   y - +0 cloak
rCorr    .         Harm     .   K - +2 pair of gloves {archery}
MR       +....                  Z - +1 pair of boots {run}
Stlth    ..........             D - +3 amulet of reflection
HPRegen  0.44/turn              F - +3 ring of strength
MPRegen  0.19/turn              J - +5 ring of dexterity

@: paralysed, marked, slowed, very heavily drained, quick
A: retaliatory headbutt, horns 2, dopey 1, weak 1, subdued magic 1
}: 2/15 runes: decaying, serpentine
a: Heroism, Finesse, Renounce Religion, Evoke Invisibility


You were on level 4 of the Vaults.
You worshipped Okawaru.
Okawaru was exalted by your worship.
You were not hungry.

You visited 6 branches of the dungeon, and saw 35 of its levels.

You collected 3736 gold pieces.
You spent 1480 gold pieces at shops.

Inventory:

Hand Weapons
 a - a +1 double sword of holy wrath
 b - a +2 falchion of flaming
 j - the +6 scimitar of Yeast (weapon) {slice, +Inv}
   (Okawaru gifted it to you on level 3 of the Swamp)

   It inflicts extra damage upon your enemies.
   It lets you turn invisible.
 S - a +1 demon blade of freezing
Armour
 c - the +1 large shield "Wolytil" (worn) {rElec rC+ Dex+2}
   (You found it on level 6 of the Lair of Beasts)

   It affects your dexterity (+2).
   It protects you from cold.
   It insulates you from electricity.
 h - the +1 plate armour of Listlessness (worn) {rPois Str+3 Dex+2}
   (Okawaru gifted it to you on level 15 of the Dungeon)

   It affects your strength (+3).
   It affects your dexterity (+2).
   It protects you from poison.
 p - +0 ice dragon scales
 y - a +0 cloak (worn)
 G - a +1 plate armour of cold resistance
 K - a +2 pair of gloves of archery (worn)
 R - the +1 pair of boots of Absence {rC- rN++}
   (Okawaru gifted it to you on level 4 of the Vaults)

   It makes you vulnerable to cold.
   It greatly protects you from negative energy.
 T - a +2 plate armour of magic resistance
 U - a +0 pair of boots of flying
 Y - a +2 hat (worn)
 Z - a +1 pair of boots of running (worn)
Jewellery
 n - an uncursed ring of protection from cold
 q - an uncursed ring of protection from fire
 C - a +4 ring of intelligence
 D - a +3 amulet of reflection (around neck)
 F - a +3 ring of strength (left hand)
 I - an uncursed ring of protection from magic
 J - a +5 ring of dexterity (right hand)
 O - an uncursed ring of stealth {unknown}
Wands
 N - a wand of acid (9)
 W - a wand of digging (9)
Scrolls
 e - 6 scrolls of fog
 k - a scroll of amnesia
 r - 6 scrolls of fear
 t - 11 scrolls of remove curse
 v - 4 scrolls of teleportation
 x - 5 scrolls of magic mapping
 B - a scroll of summoning
 E - 5 scrolls of enchant weapon
 L - a scroll of noise
 M - a scroll of acquirement
 Q - 4 scrolls of identify
Potions
 d - 4 potions of might
 g - 3 potions of heal wounds
 l - 6 potions of mutation
 m - 10 potions of haste
 o - 9 potions of curing
 u - 2 potions of brilliance
 z - a potion of agility
 H - 4 potions of resistance
Miscellaneous
 A - a fan of gales
Comestibles
 f - 52 rations
 i - 12 chunks of flesh


   Skills:
 + Level 19.0(14.4) Fighting
 + Level 19.9(15.2) Long Blades
   Level 2.0(0.0) Crossbows
 + Level 2.0(0.0) Throwing
 + Level 17.8(13.3) Armour
 + Level 6.6(3.2) Dodging
 + Level 3.0(0.0) Stealth
 + Level 26.8(21.5) Shields
 + Level 2.2(0.0) Unarmed Combat
 + Level 1.3(0.0) Spellcasting
 + Level 4.3(1.0) Invocations
 + Level 2.7(0.0) Evocations


You had 23 spell levels left.
You didn't know any spells.
Your spell library contained the following spells:

 Spells                   Type           Power        Failure   Level  Hunger
 Animate Skeleton         Necr           N/A          99%         1    ##.....
 Beastly Appendage        Tmut           #.....       99%         1    ##.....
 Confusing Touch          Hex            #.....       99%         1    ##.....
 Flame Tongue             Conj/Fire      #....        99%         1    ##.....
 Infusion                 Chrm           #...         99%         1    ##.....
 Magic Dart               Conj           #...         99%         1    ##.....
 Pain                     Necr           #...         99%         1    ##.....
 Sandblast                Erth           #.....       99%         1    ##.....
 Shock                    Conj/Air       #...         99%         1    ##.....
 Blink                    Tloc           N/A          100%        2    ###....
 Call Imp                 Summ           #.......     100%        2    ###....
 Corpse Rot               Necr           N/A          100%        2    ###....
 Passwall                 Tmut/Erth      #.......     100%        2    ###....
 Poisonous Vapours        Pois/Air       #.....       100%        2    ###....
 Searing Ray              Conj           #.....       100%        2    ###....
 Shroud of Golubria       Chrm/Tloc      #.........   100%        2    ###....
 Slow                     Hex            #.......     100%        2    ###....
 Song of Slaying          Chrm           #.......     100%        2    ###....
 Sticks to Snakes         Tmut           #.......     100%        2    ###....
 Swiftness                Chrm/Air       #.......     100%        2    ###....
 Throw Flame              Conj/Fire      #.....       100%        2    ###....
 Confuse                  Hex            #.......     100%        3    ####...
 Conjure Flame            Conj/Fire      #.......     100%        3    ####...
 Dazzling Spray           Conj/Hex       #.....       100%        3    ####...
 Gell's Gravitas          Tloc           #.........   100%        3    ####...
 Ignite Poison            Fire/Tmut/Pois #.......     100%        3    ####...
 Inner Flame              Hex/Fire       #.......     100%        3    ####...
 Mephitic Cloud           Conj/Pois/Air  #.......     100%        3    ####...
 Regeneration             Chrm/Necr      #.........   100%        3    ####...
 Spectral Weapon          Hex/Chrm       #.......     100%        3    ####...
 Spider Form              Tmut/Pois      #.........   100%        3    ####...
 Static Discharge         Conj/Air       #.......     100%        3    ####...
 Stone Arrow              Conj/Erth      #.....       100%        3    ####...
 Vampiric Draining        Necr           #.........   100%        3    ####...
 Airstrike                Air            #.........   100%        4    #####..
 Animate Dead             Necr           N/A          100%        4    #####..
 Cause Fear               Hex            #.........   100%        4    #####..
 Force Lance              Conj/Tloc      #.......     100%        4    #####..
 Fulminant Prism          Conj/Hex       #.........   100%        4    #####..
 Ice Form                 Ice/Tmut       #.......     100%        4    #####..
 Iskenderun's Mystic Bla  Conj           #.......     100%        4    #####..
 Leda's Liquefaction      Hex/Erth       #.........   100%        4    #####..
 Petrify                  Tmut/Erth      #.......     100%        4    #####..
 Sticky Flame             Conj/Fire      #.......     100%        4    #####..
 Blade Hands              Tmut           #.........   100%        5    ######.
 Fireball                 Conj/Fire      #.........   100%        5    ######.
 Irradiate                Conj/Tmut      #.........   100%        5    ######.
 Lee's Rapid Deconstruct  Erth           #.........   100%        5    ######.
 Lightning Bolt           Conj/Air       #.........   100%        5    ######.
 Metabolic Englaciation   Hex/Ice        #.........   100%        5    ######.
 Silence                  Hex/Air        #.........   100%        5    ######.
 Summon Forest            Summ/Tloc      #.........   100%        5    ######.
 Yara's Violent Unravell  Hex/Tmut       #.........   100%        5    ######.
 Bolt of Fire             Conj/Fire      #.........   100%        6    #######
 Deflect Missiles         Chrm/Air       #.........   100%        6    #######
 Freezing Cloud           Conj/Ice/Air   #.........   100%        6    #######
 Hydra Form               Tmut           #.........   100%        6    #######
 Statue Form              Tmut/Erth      #........    100%        6    #######
 Dragon Form              Tmut           #.........   100%        7    #######
 Ring of Flames           Chrm/Fire      #.........   100%        7    #######
 Summon Hydra             Summ           #.........   100%        7    #######
 Discord                  Hex            #.........   100%        8    #######
 Ignition                 Fire           #.........   100%        8    #######


Dungeon Overview and Level Annotations

Branches:
Dungeon (15/15)            Temple (0/1) D:5            Lair (6/6) D:11
  Swamp (4/4) Lair:3        Snake (4/4) Lair:4        Slime (0/5) Lair:5
    Orc (2/2) D:12            Elf (0/3) Orc:2        Vaults (4/5) D:13
  Crypt (0/3) Vaults:2     Depths (0/5) D:15

Altars:
Cheibriados
Dithmenos
Gozag
Kikubaaqudgha
Okawaru
Qazlal
Ru
Vehumet
Wu Jian
Xom
Zin
The Shining One
Jiyva

Shops:
Orc:1 (   Orc:2 }:(   Vaults:2 ?

Portals:
Trove: Vaults:3 (give +6 demon whip)


Innate Abilities, Weirdness & Mutations

You reflexively headbutt those who attack you in melee.
You have a pair of horns on your head.
You are dopey. (Int -2)
You are weak. (Str -2)
Your spells are a little easier to cast, but a little less powerful.


Message History

The stone giant hits you but does no damage.
The stone giant hits you!!
* * * LOW HITPOINT WARNING * * *
The phantasmal warrior blinks!
The tengu reaver casts a spell.
The tengu reaver conjures a globe of magical energy!
The sphinx mumbles some strange words.
You resist with some effort.
The vault guard hits you from afar with a bardiche.
* * * LOW HITPOINT WARNING * * *
The vault warden activates a sealing rune.
A door slams shut!
A battlesphere comes into view.
The stone giant hits you but does no damage.
Something unseen opens the door.
The stone giant hits you but does no damage.
The phantasmal warrior blinks!
The sphinx completely misses you.
The sphinx hits you but does no damage. x2
The tengu reaver hits you with an enchanted long sword!
You die...

#.....# #........# #.###
#.((..# #........# #...#
#.....# #........# #)..#
#....(# #........# #))..
#.....#########+######(###
#..:......W.....(.........
#.......§.................
#......*CCH.p....[........
#.......Q@pp.....o..(.....
#...([o.Y((§..............
#####'##############)#####
#....)...# #####))#
#.....)..# #...##)#
.#....÷)).# #...#))#
...#.....<..# ...##)#
...#......).# ##.#.#..#
...'........# #......)##.#


You could see a sphinx, 2 stone giants, a vault warden, a tengu reaver, a vault
guard, a phantasmal warrior, an ironbrand convoker, a yak shaped shifter, an orc
warrior and a battlesphere.

Vanquished Creatures
  Frederick (Vaults:4)
  Jory (Vaults:3)
  Nikola (Swamp:3)
  2 liches (Vaults:4)
  Asterion (Vaults:1)
  The ghost of Onajag the Unseen, an adept VSBe of Trog (Vaults:1)
  3 sphinxes
  4 thorn hunters
  3 tengu reavers
  A storm dragon (Vaults:4)
  Roxanne (D:14)
  14 nagarajas
  A fire giant (D:10)
  2 orc warlords
  7 vault wardens
  A frost giant (Vaults:4)
  7 ironheart preservers
  An entropy weaver (Vaults:3)
  5 stone giants
  A deep elf demonologist (Vaults:4)
  3 dire elephants
  3 ettins
  A deep elf death mage (Vaults:3)
  3 fire dragons
  Josephine (Orc:2)
  3 yaktaur captains
  Erolcha (D:11)
  A great orb of eyes (D:15)
  A rakshasa (Vaults:1)
  3 ice dragons
  34 hydras
  2 catoblepae
  6 vault guards
  21 naga warriors
  7 centaur warriors
  20 anacondas
  31 two-headed ogres
  13 alligators
  7 ogre magi
  2 death knights
  2 tengu warriors
  A deep troll earth mage (Vaults:2)
  4 orc high priests (Orc:2)
  13 death yaks
  A dancing weapon (Vaults:1)
  9 naga sharpshooters
  13 shock serpents
  Nergalle (D:11)
  4 deep elf knights
  Sonja (D:13)
  10 skeletal warriors
  4 salamander mystics
  2 shadow wraiths
  A spriggan druid (Swamp:4)
  7 naga ritualists
  2 flayed ghosts (Vaults:3)
  8 swamp dragons
  6 wizards
  An orange crystal statue (D:14)
  4 deep elf archers
  15 ironbrand convokers
  4 unseen horrors
  An obsidian statue (D:14)
  4 phantasmal warriors
  12 deep trolls
  12 orc knights
  5 lindwurms
  3 necromancers
  9 mana vipers
  5 wolf spiders
  19 deep elf magi
  8 cyclopes
  3 orc sorcerers
  30 ugly things
  A shining eye (shapeshifter) (Vaults:3)
  4 manticores
  18 salamanders
  3 centaur zombies
  34 black mambas
  8 elephants (Lair:6)
  22 naga magi
  12 guardian serpents
  8 vault sentinels
  3 gargoyles
  16 spiny frogs
  A kobold demonologist (D:12)
  7 rime drakes (Lair:6)
  2 komodo dragons
  A freezing wraith (Vaults:4)
  17 yaktaurs
  A tengu conjurer (D:14)
  9 trolls
  2 jumping spiders (Vaults:3)
  13 hornets
  2 queen bees (shapeshifter) (Vaults:3)
  3 meliai
  A merfolk (D:15)
  A harpy skeleton (Vaults:1)
  A wind drake (shapeshifter) (Vaults:3)
  A polar bear (shapeshifter) (Vaults:2)
  2 polar bears (Lair:3)
  6 tyrant leeches
  7 bog bodies
  A sphinx simulacrum (Vaults:4)
  A raiju (shapeshifter) (Vaults:1)
  9 blink frogs
  A frost giant simulacrum (Vaults:3)
  21 slime creatures
  8 dream sheep
  5 shadows
  14 hippogriffs
  2 redbacks (Vaults:3)
  4 wyverns
  8 wraiths
  48 yaks
  2 spriggans (Swamp:4)
  7 fire bats (D:10)
  A hog (shapeshifter) (Vaults:1)
  9 basilisks
  5 vampire mosquitoes
  4 hungry ghosts
  9 wargs
  48 nagas
  14 swamp worms
  3 acid dragons
  19 insubstantial wisps
  A soldier ant (D:12)
  38 orc warriors
  13 water moccasins
  8 porcupines
  2 hornet zombies
  14 swamp drakes
  2 sky beasts
  4 phantoms
  2 ice beasts
  A necrophage (D:9)
  A tengu (shapeshifter) (Vaults:2)
  2 black bears
  4 boggarts
  32 wolves
  An ogre (shapeshifter) (Vaults:3)
  21 ogres
  16 centaurs
  6 crocodiles
  6 big kobolds
  Blork the orc (D:4)
  6 gnoll sergeants
  19 bullfrogs
  2 human simulacra
  An ogre simulacrum (Vaults:1)
  A glowing shapeshifter simulacrum (Vaults:1)
  6 scorpions
  7 wights
  4 killer bees (D:11)
  6 howler monkeys
  5 crimson imps
  A wyvern simulacrum (D:12)
  32 orc priests
  A yaktaur simulacrum (Vaults:1)
  2 centaur skeletons
  3 hounds
  An iron imp (D:9)
  2 jellies (D:12)
  6 bullfrog skeletons
  Jessica (D:3)
  8 iguanas
  32 orc wizards
  9 worker ants
  A killer bee zombie (D:8)
  A howler monkey zombie (D:5)
  9 gnolls
  14 adders
  5 shadow imps
  An adder zombie (D:6)
  2 adder skeletons
  3 worms (D:2)
  9 leopard geckos
  92 orcs
  14 bats
  2 giant cockroaches
  4 goblins
  8 hobgoblins
  3 jackals (D:11)
  6 quokkas
  3 ball pythons
  9 frilled lizards
  2 goblin skeletons (D:9)
  27 kobolds
  A kobold skeleton (D:9)
  3 kobold zombies (D:9)
  2 orc skeletons (D:9)
  An orc zombie (D:9)
  A quokka skeleton (D:6)
  2 rats
  A fungus (Lair:6)
  A plant (Lair:1)
1451 creatures vanquished.

Vanquished Creatures (others)
  A stone giant (Vaults:1)
  2 yaktaur captains
  A centaur warrior (Vaults:1)
  A naga sharpshooter (Snake:4)
  An unseen horror (Vaults:1)
  A naga ritualist (Snake:4)
  10 yaktaurs
  An orc warrior (Vaults:4)
  An electric eel (Orc:2)
  An orc (Vaults:4)
  20 fungi
  59 plants
99 creatures vanquished.

Grand Total: 1550 creatures vanquished

Notes
Turn   | Place    | Note
-------+----------+-------------------------------------------
     0 | D:1      | Peloso the Minotaur Fighter began the quest for the Orb.
     0 | D:1      | Reached XP level 1. HP: 19/19 MP: 0/0
   204 | D:1      | Reached XP level 2. HP: 27/27 MP: 1/1
   454 | D:1      | Reached skill level 4 in Shields
   971 | D:2      | Reached XP level 3. HP: 31/33 MP: 2/2
  1208 | D:2      | Reached XP level 4. HP: 40/40 MP: 3/3
  1780 | D:3      | Reached XP level 5. HP: 46/46 MP: 4/4
  1823 | D:3      | Found an ancient bone altar of Kikubaaqudgha.
  1903 | D:3      | Noticed Jessica
  1919 | D:3      | Killed Jessica
  1919 | D:3      | Reached skill level 5 in Shields
  2051 | D:3      | Noticed a centaur
  2058 | D:3      | Killed a centaur
  2058 | D:3      | Reached skill level 5 in Armour
  2058 | D:3      | Reached skill level 1 in Dodging
  2058 | D:3      | Reached XP level 6. HP: 17/53 MP: 5/5
  2309 | D:3      | Found a faded altar of an unknown god.
  2712 | D:4      | Reached skill level 5 in Long Blades
  3165 | D:4      | Found an iron altar of Okawaru.
  3174 | D:4      | Found a radiant altar of Vehumet.
  3174 | D:4      | Found a shadowy altar of Dithmenos.
  3177 | D:4      | Became a worshipper of Warmaster Okawaru
  3257 | D:4      | Noticed Blork the orc
  3267 | D:4      | Killed Blork the orc
  3267 | D:4      | Reached XP level 7. HP: 36/60 MP: 6/6
  3416 | D:5      | Entered Level 5 of the Dungeon
  3929 | D:5      | Reached skill level 1 in Stealth
  4061 | D:5      | Found a sacrificial altar of Ru.
  4125 | D:5      | Found a glowing silver altar of Zin.
  4171 | D:5      | Found a staircase to the Ecumenical Temple.
  4256 | D:6      | Reached skill level 5 in Fighting
  4394 | D:6      | Reached * piety under Okawaru
  4443 | D:6      | Got a shimmering dagger
  4444 | D:6      | Identified the +7 dagger "Gevaiw" {drain, rC+ Int+4} (You
                  | found it on level 6 of the Dungeon)
  4609 | D:6      | Reached XP level 8. HP: 64/68 MP: 7/7
  4696 | D:6      | Reached skill level 6 in Shields
  5032 | D:7      | Found a glowing silver altar of Zin.
  5081 | D:7      | Noticed a hippogriff
  5098 | D:7      | Killed a hippogriff
  5430 | D:7      | Found an ancient bone altar of Kikubaaqudgha.
  5432 | D:7      | Found a shattered altar of Ashenzari.
  5432 | D:7      | Found a glowing silver altar of Zin.
  5434 | D:7      | Found a shimmering altar of Xom.
  5434 | D:7      | Found an ornate altar of the Wu Jian Council.
  5434 | D:7      | Found a snail-covered altar of Cheibriados.
  5485 | D:7      | Reached ** piety under Okawaru
  5847 | D:7      | Reached skill level 7 in Shields
  6206 | D:8      | Reached XP level 9. HP: 72/78 MP: 8/8
  6313 | D:8      | Found a stormy altar of Qazlal.
  6483 | D:8      | Found an opulent altar of Gozag.
  6736 | D:9      | Found a glowing golden altar of the Shining One.
  6825 | D:9      | Noticed a cyclops
  6837 | D:9      | Killed a cyclops
  6837 | D:9      | Reached *** piety under Okawaru
  6845 | D:9      | Reached skill level 10 in Long Blades
  7012 | D:8      | Reached skill level 8 in Shields
  7345 | D:9      | Reached **** piety under Okawaru
  7345 | D:9      | Reached XP level 10. HP: 68/86 MP: 9/9
  7742 | D:10     | Entered Level 10 of the Dungeon
  7819 | D:10     | Noticed a fire giant
  7828 | D:10     | Reached skill level 9 in Shields
  7845 | D:10     | Killed a fire giant
  7845 | D:10     | Reached ***** piety under Okawaru
  7846 | D:10     | Reached skill level 10 in Shields
  8172 | D:10     | Received a gift from Okawaru
  8485 | D:10     | Reached skill level 11 in Shields
  8493 | D:10     | Reached XP level 11. HP: 86/95 MP: 10/10
  8656 | D:11     | Noticed Erolcha
  8664 | D:11     | Killed Erolcha
  8710 | D:11     | Reached skill level 10 in Armour
  8808 | D:11     | Received a gift from Okawaru
  8810 | D:11     | Noticed a death yak
  8821 | D:11     | Noticed a death yak
  8840 | D:11     | Killed a death yak
  8841 | D:11     | Noticed a death yak
  8861 | D:11     | Reached skill level 12 in Shields
  8889 | D:11     | Killed a death yak
  8903 | D:11     | Killed a death yak
  8903 | D:11     | Reached skill level 1 in Invocations
  9086 | D:11     | Noticed a brown ugly thing
  9100 | D:11     | Killed a brown ugly thing
  9106 | D:11     | Found a staircase to the Lair.
  9159 | D:11     | Noticed Nergalle
  9176 | D:11     | Killed Nergalle
  9327 | D:11     | Noticed a purple ugly thing
  9336 | D:11     | Killed a purple ugly thing
  9641 | D:12     | Reached XP level 12. HP: 106/106 MP: 11/11
  9676 | D:12     | Reached skill level 10 in Fighting
  9679 | D:12     | Noticed a two-headed ogre
  9687 | D:12     | Killed a two-headed ogre
  9727 | D:12     | Received a gift from Okawaru
  9727 | D:12     | Reached skill level 13 in Shields
  9877 | D:12     | Noticed a five-headed hydra
  9893 | D:12     | Killed a one-headed hydra
  9946 | D:12     | Noticed a two-headed ogre
  9951 | D:12     | Killed a two-headed ogre
  9951 | D:12     | Received a gift from Okawaru
 10302 | D:12     | Found a staircase to the Orcish Mines.
 10388 | D:12     | Reached ****** piety under Okawaru
 11034 | Lair:1   | Entered Level 1 of the Lair of Beasts
 11094 | Lair:1   | Noticed a four-headed hydra
 11102 | Lair:1   | Killed a one-headed hydra
 11102 | Lair:1   | Received a gift from Okawaru
 11102 | Lair:1   | Reached skill level 14 in Shields
 11107 | Lair:1   | Got a fine falchion {god gift}
 11108 | Lair:1   | Identified the +3 falchion of Deikk {freeze, *Contam Str+6
                  | Int+3} (Okawaru gifted it to you on level 1 of the Lair of
                  | Beasts)
 11218 | Lair:1   | Noticed a five-headed hydra
 11234 | Lair:1   | Killed a 13-headed hydra
 11312 | Lair:1   | Noticed an eight-headed hydra
 11333 | Lair:1   | Killed a 17-headed hydra
 12049 | Lair:2   | Reached XP level 13. HP: 116/116 MP: 12/12
 13028 | Lair:3   | Received a gift from Okawaru
 13055 | Lair:3   | Identified a +1 pair of boots of running (Okawaru gifted it
                  | to you on level 3 of the Lair of Beasts)
 13655 | Lair:3   | Found a staircase to the Swamp.
 14054 | Lair:4   | Found a staircase to the Snake Pit.
 14129 | Lair:4   | Reached skill level 15 in Long Blades
 14248 | Lair:4   | Got a pitted hand crossbow
 14279 | Lair:4   | Reached skill level 15 in Shields
 14725 | Lair:5   | Reached skill level 1 in Evocations
 15132 | Lair:5   | Received a gift from Okawaru
 15627 | Lair:5   | Found a staircase to the Slime Pits.
 15628 | Lair:5   | Found a viscous altar of Jiyva.
 15876 | Lair:6   | Entered Level 6 of the Lair of Beasts
 15893 | Lair:6   | Reached XP level 14. HP: 124/127 MP: 15/15
 16193 | Lair:6   | Reached skill level 16 in Shields
 16197 | Lair:6   | Received a gift from Okawaru
 16239 | Lair:6   | Got a polished shield {god gift}
 16245 | Lair:6   | Identified the -3 shield of the Good {rCorr Int+3 SInv
                  | Stlth-} (Okawaru gifted it to you on level 6 of the Lair of
                  | Beasts)
 16890 | D:13     | Found a shimmering altar of Xom.
 17350 | D:13     | Noticed Sonja
 17500 | D:13     | Killed Sonja
 17664 | D:13     | Found a gate to the Vaults.
 17905 | D:14     | Reached skill level 17 in Shields
 18682 | Orc:1    | Entered Level 1 of the Orcish Mines
 18835 | Orc:1    | Found Huegodgh's Antique Weapon Shoppe.
 18981 | Orc:2    | Entered Level 2 of the Orcish Mines
 18981 | Orc:2    | Noticed an orc warlord
 19249 | Orc:1    | Killed an orc warlord
 19249 | Orc:1    | Received a gift from Okawaru
 21158 | Orc:2    | Noticed an orc warlord
 21180 | Orc:2    | Killed an orc warlord
 21261 | Orc:2    | Reached XP level 15. HP: 103/137 MP: 16/16
 21265 | Orc:2    | Found a staircase to the Elven Halls.
 21903 | Orc:2    | Noticed Josephine
 21922 | Orc:2    | Killed Josephine
 22292 | Orc:2    | Reached skill level 18 in Shields
 22308 | Orc:2    | Found Estrergh's Book Shoppe.
 22308 | Orc:2    | Found Ufuuvoq's General Store.
 22308 | Orc:2    | Found Zylixaum's Antique Weapon Emporium.
 22314 | Orc:2    | Found Ocarrog's Gadget Shoppe.
 22334 | Orc:2    | Gained mutation: You are weak. (Str -2) [a neqoxec]
 23609 | D:14     | Received a gift from Okawaru
 24006 | D:14     | Noticed Roxanne
 24750 | Lair:6   | Got a fine large shield
 24756 | Lair:6   | Identified the +1 large shield "Wolytil" {rElec rC+ Dex+2}
                  | (You found it on level 6 of the Lair of Beasts)
 25653 | Lair:6   | Reached skill level 19 in Shields
 26782 | D:15     | Entered Level 15 of the Dungeon
 26847 | D:15     | Identified the +1 hand crossbow "Xoxee" {speed, rPois rC+
                  | rN+ SInv} (You found it on level 4 of the Lair of Beasts)
 26874 | D:15     | Received a gift from Okawaru
 26886 | D:15     | Got a faintly humming plate armour {god gift}
 26892 | D:15     | Identified the +1 plate armour of Listlessness {rPois Str+3
                  | Dex+2} (Okawaru gifted it to you on level 15 of the
                  | Dungeon)
 27120 | D:15     | Reached XP level 16. HP: 147/147 MP: 17/17
 27468 | D:15     | Found a staircase to the Depths.
 28105 | D:14     | Killed Roxanne
 28106 | D:14     | Identified Roxanne's Guide on the Mountains (You took it
                  | off Roxanne on level 14 of the Dungeon)
 28544 | D:14     | Reached skill level 1 in Crossbows
 28544 | D:14     | Reached skill level 1 in Throwing
 28544 | D:14     | Reached skill level 1 in Unarmed Combat
 28544 | D:14     | Reached XP level 17. HP: 154/154 MP: 18/18
 28550 | D:14     | Reached skill level 15 in Armour
 28550 | D:14     | Reached skill level 1 in Spellcasting
 28550 | D:14     | Reached XP level 18. HP: 162/162 MP: 18/20
 28691 | Swamp:1  | Entered Level 1 of the Swamp
 28919 | Swamp:1  | Reached skill level 20 in Shields
 29466 | Swamp:2  | Reached skill level 15 in Fighting
 30503 | Swamp:3  | Noticed Nikola
 30523 | Swamp:3  | Killed Nikola
 30812 | Swamp:3  | Received a gift from Okawaru
 30816 | Swamp:3  | Got a polished scimitar {god gift}
 30817 | Swamp:3  | Identified the +6 scimitar of Yeast {slice, +Inv} (Okawaru
                  | gifted it to you on level 3 of the Swamp)
 31211 | Swamp:4  | Entered Level 4 of the Swamp
 32142 | Swamp:3  | Reached skill level 5 in Dodging
 32413 | Swamp:4  | HP: 7/163 [eight-headed hydra[a spriggan druid] (9)]
 32962 | Swamp:4  | Reached skill level 21 in Shields
 32990 | Swamp:3  | Received a gift from Okawaru
 33295 | Swamp:4  | Got a decaying rune of Zot
 34390 | Snake:1  | Entered Level 1 of the Snake Pit
 34457 | Snake:1  | Reached XP level 19. HP: 95/172 MP: 11/21
 35979 | Snake:2  | Reached skill level 22 in Shields
 36334 | Snake:2  | Received a gift from Okawaru
 37370 | Snake:3  | Received a gift from Okawaru
 38317 | Snake:3  | Reached skill level 23 in Shields
 38800 | Snake:4  | Entered Level 4 of the Snake Pit
 39422 | Snake:4  | Received a gift from Okawaru
 39745 | Snake:4  | Reached XP level 20. HP: 168/183 MP: 22/22
 40451 | Snake:4  | Received a gift from Okawaru
 40930 | Snake:4  | Reached skill level 24 in Shields
 41006 | Snake:4  | Got a serpentine rune of Zot
 41594 | Vaults:1 | Entered Level 1 of the Vaults
 41701 | Vaults:1 | Paralysed by a sphinx for 2 turns
 41925 | Vaults:1 | Noticed Asterion
 41935 | Vaults:1 | Killed Asterion
 42153 | Vaults:1 | Received a gift from Okawaru
 42556 | Vaults:1 | Received a gift from Okawaru
 42907 | Vaults:1 | Found a runed door.
 42907 | Vaults:1 | Noticed Onajag's ghost (adept VSBe)
 42909 | Vaults:1 | Found a shimmering altar of Xom.
 42924 | Vaults:1 | Killed Onajag's ghost
 43780 | Vaults:2 | Found a staircase to the Crypt.
 43845 | Vaults:2 | Reached XP level 21. HP: 175/193 MP: 23/23
 43849 | Vaults:2 | Received a gift from Okawaru
 43899 | Vaults:2 | Found Jeixoec's Magic Scroll Shop.
 43928 | Vaults:2 | Bought a scroll of magic mapping for 73 gold pieces
 43928 | Vaults:2 | Bought a scroll of acquirement for 1092 gold pieces
 43928 | Vaults:2 | Bought 2 scrolls of enchant weapon for 315 gold pieces
 43964 | Vaults:2 | Reached skill level 25 in Shields
 44948 | Vaults:3 | Noticed Jory
 44978 | Vaults:3 | Killed Jory
 46734 | Vaults:3 | Gained mutation: You are dopey. (Int -2) [a shining eye]
 46735 | Vaults:3 | Gained mutation: Your spells are a little easier to cast,
                  | but a little less powerful. [a shining eye]
 46940 | Vaults:3 | Reached skill level 26 in Shields
 46966 | Vaults:3 | Received a gift from Okawaru
 47286 | Vaults:3 | Found a portal to a secret trove of treasure.
 47333 | Vaults:4 | Paralysed by an ogre mage for 4 turns
 47704 | Vaults:4 | Received a gift from Okawaru
 47743 | Vaults:4 | Got a pair of faintly humming boots {god gift}
 47759 | Vaults:4 | Identified the +1 pair of boots of Absence {rC- rN++}
                  | (Okawaru gifted it to you on level 4 of the Vaults)
 48295 | Vaults:4 | Reached XP level 22. HP: 204/204 MP: 24/24
 48296 | Vaults:4 | Noticed Frederick
 48313 | Vaults:4 | Killed Frederick
 48720 | Vaults:4 | HP: 9/204 [deep elf mage/bolt of lightning (3)]
 49803 | Vaults:4 | Paralysed by a sphinx for 4 turns
 49805 | Vaults:4 | HP: 7/205 [vault guard/bardiche[a vault warden] (6)]
 49806 | Vaults:4 | Slain by a tengu reaver

Skill      XL: |  1  2  3  4  5  6  7  8  9 10 11 12 13 14 15 16 17 18 19 20 21 22 |
---------------+-------------------------------------------------------------------+-----
Shields        | 4 5 7 8 11 12 14 15 17 19 21 23 24 26 | 26.8
Armour         | 4 5 6 7 8 9 10 11 12 14 15 16 17 | 17.8
Long Blades    | 3 4 5 7 8 10 12 13 14 15 16 17 18 19 | 19.9
Fighting       | 4 5 6 7 8 9 11 12 13 14 15 16 17 18 19 | 19.0
Dodging        | 1 2 3 4 5 6 |  6.6
Stealth        | 1 2 3 |  3.0
Invocations    | 1 2 3 4 |  4.3
Evocations     | 1 2 |  2.7
Crossbows      | 1 2 |  2.0
Throwing       | 1 2 |  2.0
Unarmed Combat | 1 2 |  2.2
Spellcasting   | 1 |  1.3

Action                   |  1- 3 |  4- 6 |  7- 9 | 10-12 | 13-15 | 16-18 | 19-21 | 22-24 || total
-------------------------+-------+-------+-------+-------+-------+-------+-------+-------++-------
Melee: Long sword        |    84 |   135 |   360 |   253 |       |       |       |       ||   832
       Headbutt          |    11 |    22 |   100 |   230 |   675 |   326 |   831 |    59 ||  2254
       Falchion          |       |       |       |   257 |  1608 |   219 |       |       ||  2084
       Demon blade       |       |       |       |   190 |   106 |   393 |       |       ||   689
       Scimitar          |       |       |       |       |       |   167 |  2085 |   115 ||  2367
       Double sword      |       |       |       |       |       |       |    12 |       ||    12
Invok: Heroism           |       |       |     4 |     6 |     9 |     4 |     2 |     1 ||    26
       Finesse           |       |       |       |       |     4 |       |       |       ||     4
Evoke: Wand              |       |       |       |       |    10 |     7 |     8 |       ||    25
  Use: Scroll            |       |       |    13 |    10 |     9 |     4 |     7 |     2 ||    45
       Potion            |       |       |       |     2 |    10 |     2 |     2 |     3 ||    19
  Eat: Chunk             |       |     8 |    12 |    16 |    31 |    15 |    39 |     1 ||   122
       Ration            |       |       |     1 |       |     5 |     2 |     2 |     1 ||    11
Armor: Scale mail        |    37 |    66 |    45 |       |       |       |       |       ||   148
       Plate armour      |       |       |   119 |   262 |   648 |   352 |   535 |    49 ||  1965
Dodge: Dodged            |    35 |    41 |    73 |   136 |   467 |   257 |   440 |    64 ||  1513
Block: Shield            |    44 |    82 |   225 |   413 |  1050 |       |       |       ||  1814
       Large shield      |       |       |       |       |   451 |   939 |  2865 |   199 ||  4454
       Reflection        |       |       |       |       |       |       |   137 |     9 ||   146
       Rpst.: Long sword |     8 |    11 |    19 |    18 |       |       |       |       ||    56
       Falchion          |       |       |       |     6 |    86 |    10 |       |       ||   102
       Demon blade       |       |       |       |     2 |       |    14 |       |       ||    16
       Scimitar          |       |       |       |       |       |    10 |    74 |    10 ||    94
